 Dungeon Crawl Stone Soup version 0.20-a0-33-g996f6e0 (webtiles) character file.

112 dvd the Skirmisher (level 5, 0/42 HPs)
             Began as a Human Chaos Knight on Nov 9, 2016.
             Slain by a gnoll (6 damage)
             ... on level 2 of the Dungeon.
             The game lasted 00:06:23 (1760 turns).

dvd the Skirmisher (Human Chaos Knight)             Turns: 1760, Time: 00:06:25

Health: 0/42       AC:  2    Str: 13    XL:     5   Next: 16%
Magic:  0/5        EV: 12    Int: 12    God:    Xom [..*...]
Gold:   151        SH:  0    Dex: 13    Spells: 0 memorised, 4 levels left

rFire  . . .     SeeInvis .     a - +0 falchion (chaos)
rCold  . . .     Gourm    .     t - -2 robe (curse)
rNeg   . . .     Faith    .     (no shield)
rPois  +         Spirit   +     o - +1 helmet (curse)
rElec  .         Reflect  .     (no cloak)
rCorr  .         Harm     .     (no gloves)
MR     .....                    (no boots)
Stlth  +.........               m - amulet of guardian spirit
                                (no ring)
                                r - ring of poison resistance

@: no status effects
A: no striking features
a: Renounce Religion


You were on level 2 of the Dungeon.
You worshipped Xom.
You were a toy of Xom.
You were not hungry.

You visited 1 branch of the dungeon, and saw 3 of its levels.

You collected 151 gold pieces.

Inventory:

Hand Weapons
 a - a +0 falchion of chaos (weapon)
 d - a +0 short sword of speed
Armour
 b - a +2 leather armour
 o - a cursed +1 helmet (worn)
 t - a cursed -2 robe (worn)
Jewellery
 m - an amulet of guardian spirit (around neck)
 r - a ring of poison resistance (left hand)
Scrolls
 f - a scroll of teleportation
Potions
 k - a potion of agility {unknown}
 l - 2 potions of brilliance {unknown}
 q - 2 potions of lignification {unknown}
Comestibles
 c - 3 bread rations
 g - a chunk of flesh
 h - a royal jelly
 j - a meat ration
 n - 2 fruits
 p - a slice of pizza


   Skills:
 + Level 4.2 Fighting
 + Level 4.2 Long Blades
 + Level 2.2 Armour
 + Level 1.2 Dodging
 + Level 0.4 Stealth


You had 4 spell levels left.
You didn't know any spells.

Dungeon Overview and Level Annotations

Branches:
Dungeon (3/15)

Altars:
Cheibriados
Hepliaklqana
Kikubaaqudgha
Zin


Message History

You see here a falchion.
There is an open door here.
There is a stone staircase leading up, spattered with blood here.
The gnoll hits you.
* * * LOW HITPOINT WARNING * * *
You climb upwards.
There is a stone staircase leading down, spattered with blood here.
You hit the gnoll. You freeze the gnoll.
The gnoll is heavily wounded.
The gnoll closely misses you.
You riposte.
You hit the gnoll but do no damage.
The gnoll is heavily wounded.
You hit the gnoll. You freeze the gnoll.
The gnoll is severely wounded.
The gnoll hits you!
* * * LOW HITPOINT WARNING * * *
You closely miss the gnoll.
The gnoll is severely wounded.
The gnoll hits you!
You die... "Boring in life, boring in death..."

#.........#......##.##.........
#...................##.........
#..........###.#......######...
#...........#.....###.## #...
######...##...>..)###..#####...
###.####...)....#.........
##........####.######....
####...###..g.###.#...###...
#......###.@...##...#.......
#.......##......##..####....
#.....#.####....###..# ##...
#.....#..# #....# #..# ##..
#.....##.# #....###.<# ##>
#.....##.####....<...# #.
#.....)..............# ###
#########..##.#.#..(.#####..
#.................#.#


You could see a gnoll.

Vanquished Creatures
  A gnoll (D:3)
  3 adders
  An ooze (D:1)
  3 dart slugs (D:1)
  2 leopard geckos (D:2)
  2 orcs (D:3)
  6 bats
  5 giant cockroaches
  6 goblins
  7 hobgoblins
  3 jackals (D:1)
  2 quokkas
  A ball python (D:1)
  5 frilled lizards
  5 kobolds
  5 rats
57 creatures vanquished.

Notes
Turn   | Place    | Note
-------+----------+-------------------------------------------
     0 | D:1      | dvd the Human Chaos Knight began the quest for the Orb.
     0 | D:1      | Reached XP level 1. HP: 18/18 MP: 1/1
    69 | D:1      | Reached XP level 2. HP: 24/24 MP: 2/2
   155 | D:1      | Reached XP level 3. HP: 25/30 MP: 3/3
   171 | D:1      | XOM: divination: magic mapping
   265 | D:1      | XOM: harmless Tloc miscast
   307 | D:1      | XOM: silly message
   652 | D:2      | Reached XP level 4. HP: 27/37 MP: 0/4
   892 | D:2      | Found a hazy altar of Hepliaklqana.
   929 | D:2      | Found an ancient bone altar of Kikubaaqudgha.
  1147 | D:3      | XOM: cast spell 'Hydra Form'
  1269 | D:3      | Found a glowing silver altar of Zin.
  1471 | D:2      | XOM: divination: detect creatures
  1628 | D:3      | Reached XP level 5. HP: 39/42 MP: 5/5
  1702 | D:3      | Found a snail-covered altar of Cheibriados.
  1738 | D:3      | XOM: silly message
  1743 | D:3      | XOM: confuse monster(s)
  1751 | D:3      | XOM: harmless Tmut miscast
  1760 | D:2      | Slain by a gnoll

Vault maps used:
D:1:      saegor_arrival_under_anarchy, minivault_24, minmay_pentomino_t2
D:2:      old_standard_altar, kiku_gazebo_garden_becter, first_bread
D:3:      cheibriados_altar_1, lemuel_doored_altar

Skill      XL: |  1  2  3  4 |
---------------+-------------+-----
Fighting       | 4 |  4.2
Long Blades    | 4 |  4.2
Armour         | |  2.2
Dodging        | |  1.2
Stealth        | |  0.4

Action                   |  1- 3 |  4- 6 || total
-------------------------+-------+-------++-------
Melee: Falchion          |    65 |   100 ||   165
       Unarmed           |       |     2 ||     2
  Use: Scroll            |       |     5 ||     5
 Stab: Paralysed         |     2 |       ||     2
       Petrifying        |       |     1 ||     1
  Eat: Chunk             |       |     2 ||     2
Armor: Leather armour    |    39 |    16 ||    55
       Robe              |       |     9 ||     9
       Skin              |       |     3 ||     3
Dodge: Dodged            |    48 |    60 ||   108
       Rpst.: Falchion   |    14 |    18 ||    32
